 Dungeon Crawl Stone Soup version 0.30-a0-1082-g70414cbcbb (webtiles) character file.

Game seed: 10554877738654148651

347 Zonian the Ruffian (level 6, -6/48 HPs)
             Began as a Human Gladiator on Apr 15, 2023.
             Mangled by Edmund
             ... wielding a +2 heavy flail
              (15 damage)
             ... on level 4 of the Dungeon.
             The game lasted 00:09:09 (5559 turns).

Zonian the Ruffian (Human Gladiator)                Turns: 5559, Time: 00:09:10

Health: -6/48      AC:  8    Str: 17    XL:     6   Next: 91%
Magic:  6/6        EV: 10    Int:  8    God:
Gold:   172        SH:  3    Dex: 14    Spells: 5/5 levels left

rFire   . . .      SeeInvis .      - Unarmed
rCold   . . .      Faith    .    m - +0 buckler
rNeg    . . .      Spirit   .    l - +0 scale mail
rPois   .          Reflect  .    b - +0 helmet
rElec   .          Rampage  .    (no cloak)
rCorr   .                        (no gloves)
Will    +....                    p - +0 pair of boots
Stlth   +                        (no amulet)
HPRegen 0.28/turn                j - ring of willpower
MPRegen 0.10/turn                (no ring)

@: no status effects
A: no striking features
a: no special abilities


You were on level 4 of the Dungeon.
You visited 1 branch of the dungeon, and saw 4 of its levels.

You collected 172 gold pieces.

Inventory:

Hand Weapons
 q - a +2 dagger of venom
 t - the +2 dagger of Righteous Fury {pain, rF+ Str-2 SInv}
   (You found it on level 3 of the Dungeon)

   Str:       It affects your strength (-2).
   rF:        It protects you from fire.
   SInv:      It lets you see invisible.
Missiles
 d - a javelin (quivered)
Armour
 a - a +0 leather armour
 b - a +0 helmet (worn)
 c - a +0 helmet
 l - a +0 scale mail (worn)
 m - a +0 buckler (worn)
 p - a +0 pair of boots (worn)
Jewellery
 i - an amulet of faith
 j - a ring of willpower (left hand)
Scrolls
 f - 4 scrolls of teleportation
 g - a scroll of enchant weapon {unknown}
 r - a scroll of silence {unknown}
 s - a scroll of magic mapping {unknown}
Potions
 e - a potion of berserk rage
 h - a potion of heal wounds
 k - 2 potions of degeneration
 o - 4 potions of curing


   Skills:
 + Level 3.7 Fighting
 + Level 3.7 Throwing
 - Level 3.8 Dodging
 + Level 2.0 Stealth
 + Level 4.3 Unarmed Combat


You had 5 spell levels left.
You didn't know any spells.
Your spell library contained the following spells:

 Spells                   Type           Power      Damage    Failure   Level
 Necrotise                Necr           0%         1d4       91%         1
 Sandblast                Erth           0%         2d4       91%         1
 Shock                    Conj/Air       0%         1d3       91%         1
 Passwall                 Tmut/Erth      0%         N/A       97%         2
 Stone Arrow              Conj/Erth      0%         3d7       100%        3
 Swiftness                Air            0%         N/A       100%        3
 Vampiric Draining        Necr           0%         2d6       100%        3
 Airstrike                Air            0%         2d(0-16)  100%        4
 Agony                    Necr           0%         N/A       100%        5


Dungeon Overview and Level Annotations

Branches:
Dungeon (4/15)
 Temple: D:4-7

Altars:
Qazlal

Shops:
D:2 [

Annotations:
D:4 Edmund


Message History

The poisoned dart closely misses Edmund.
Edmund barely misses you.
You hit Edmund.
Edmund is lightly wounded.
Edmund hits you with a +2 heavy flail!
You hit Edmund.
Edmund is moderately wounded.
You closely miss Edmund.
Edmund is moderately wounded.
You block Edmund's attack.
You closely miss Edmund.
Edmund is moderately wounded.
Edmund barely misses you.
You hit Edmund.
Edmund is moderately wounded.
You hit Edmund.
Edmund is heavily wounded.
Edmund looks more healthy.
Edmund hits you with a +2 heavy flail.
You punch Edmund!
Edmund is severely wounded.
Edmund hits you with a +2 heavy flail.
You hit Edmund but do no damage.
Edmund is severely wounded.
You hit Edmund but do no damage.
Edmund is severely wounded.
Edmund says, "You wouldn't believe how much I paid for this flail."
Edmund hits you with a +2 heavy flail!
You hit Edmund.
Edmund is severely wounded.
Edmund closely misses you.
You hit Edmund.
Edmund is almost dead.
You hit Edmund but do no damage.
Edmund is almost dead.
Edmund hits you with a +2 heavy flail!
* * * LOW HITPOINT WARNING * * *
You hit Edmund but do no damage.
Edmund is almost dead.
Edmund hits you with a +2 heavy flail!
You die...

....... ..........
.......#.#..... #.....
...........(#..... .#.....
#..#)....>........ ....S..
#..#.............. ##.....
.......(.........
#......####....(..#....... ##
#........##..@...#.......
.####........†..@..##...#
.............####.###...##
<.............# #.)......#
.............## #.#.).#..# .#
@...........## ####)<#.....#
.............# #.....###...#..
.<........#..####....#####....#
.......#..#..#.......##.......#
....#....................##...#


You could see Edmund.

Vanquished Creatures
  A scorpion (D:3)
  An orc priest (D:3)
  Natasha (twice) (D:3)
  2 hound skeletons (D:3)
  A gnoll (D:2)
  8 adders
  2 adder skeletons (D:3)
  An adder zombie (D:3)
  A worm (D:2)
  A dart slug (D:2)
  4 orcs
  5 ball pythons
  7 endoplasms
  4 giant cockroaches
  12 goblins
  6 hobgoblins
  3 jackals (D:2)
  4 kobolds
  2 quokkas
  4 bats
  7 frilled lizards
  A giant cockroach zombie (D:3)
  9 rats
88 creatures vanquished.

Vanquished Creatures (others)
  A kobold (D:2)
  19 withered plants (D:3)
20 creatures vanquished.

Grand Total: 108 creatures vanquished

Notes
Turn   | Place    | Note
-------+----------+-------------------------------------------
     0 | D:1      | Zonian the Human Gladiator began the quest for the Orb.
     0 | D:1      | Reached XP level 1. HP: 16/16 MP: 1/1
   150 | D:1      | Reached XP level 2. HP: 17/22 MP: 2/2
   464 | D:1      | Reached XP level 3. HP: 21/28 MP: 3/3
  1073 | D:2      | HP: 1/28 [adder (4)]
  1586 | D:2      | Reached XP level 4. HP: 22/34 MP: 4/4
  2370 | D:2      | Reached XP level 5. HP: 26/40 MP: 5/5
  2837 | D:2      | Found a transporter.
  2839 | D:2      | Found Olaned's Antique Armour Shop.
  2863 | D:2      | Found a transporter.
  3665 | D:3      | Noticed Natasha
  3690 | D:3      | Killed Natasha
  3741 | D:3      | Reached skill level 4 in Unarmed Combat
  3901 | D:3      | Reached XP level 6. HP: 47/47 MP: 6/6
  3925 | D:3      | Identified the +2 dagger of Righteous Fury {pain, rF+ Str-2
                  | SInv}
  4114 | D:3      | Found a stormy altar of Qazlal.
  4324 | D:3      | Reached skill level 1 in Stealth
  4492 | D:4      | Noticed Edmund
  4800 | D:3      | Noticed Natasha
  4820 | D:3      | Killed Natasha
  5559 | D:4      | Mangled by Edmund

Illustrated notes

Levels and vault maps discovered:
D:1:      minmay_arrival_nine_rooms, layout_basic
D:2:      layout_basic, serial_shops, nicolae_shop_drivethru,
          minmay_divided_ellipse
D:3:      layout_basic, mainiacjoe_overflow_paths, dilly_guarded_unrand_morg
D:4:      layout_cave_pools, minmay_goblin_kobold_house, uniq_edmund

Skill      XL: |  1  2  3  4  5  6 |
---------------+-------------------+-----
Fighting       | 3 |  3.7
Throwing       | 3 |  3.7
Unarmed Combat | 4 |  4.3
Stealth        | 2 |  2.0
Dodging        | |  3.8

Action                     |  1- 3 |  4- 6 || total
---------------------------+-------+-------++-------
  Melee: Unarmed           |   125 |   253 ||   378
         Punch             |     2 |     8 ||    10
  Throw: Throwing net      |     2 |     1 ||     3
         Dart              |       |     5 ||     5
    Use: Scroll            |       |     5 ||     5
   Stab: Sleeping          |     1 |       ||     1
         Distracted        |       |     1 ||     1
 Armour: Leather armour    |    34 |       ||    34
         Scale mail        |       |   107 ||   107
  Dodge: Dodged            |    64 |   130 ||   194
  Block: Buckler           |       |     2 ||     2

Table legend: (Time is in decaauts)
 A = Elapsed time spent in this place.
 B = Non-inter-level travel time spent in this place.
 C = Inter-level travel time spent in this place.
 D = Time resting spent in this place.
 E = Time spent auto-exploring this place.
 F = Levels seen in this place.
 G = Mean time per level.
                   A        B        C        D        E       F      G
               +--------+--------+--------+--------+--------+-----+--------+
         Total |   5538 |   5221 |    317 |   2235 |   1872 |   4 | 1384.5 |
       Dungeon |   5538 |   5221 |    317 |   2235 |   1872 |   4 | 1384.5 |
               +--------+--------+--------+--------+--------+-----+--------+

Top non-repeatable levels by time:
     D:3: 2318 daAuts
     D:2: 1623 daAuts
     D:1: 1463 daAuts
     D:4: 133 daAuts
